 Dungeon Crawl Stone Soup version 0.30-b1-2-g02819fbbbe (webtiles) character file.

Game seed: 5541515091338740891

63705 LLlMATKO the Severer (level 14, -1/137 HPs)
             Began as a Minotaur Berserker on Aug 24, 2023.
             Was a High Priest of Trog.
             Slain by a wyvern (6 damage)
             ... on level 5 of the Lair of Beasts.
             The game lasted 00:20:39 (22821 turns).

LLlMATKO the Severer (Minotaur Berserker)          Turns: 22821, Time: 00:20:40

Health: -1/137     AC: 24    Str: 26    XL:     14   Next: 69%
Magic:  13/13      EV: 12    Int:  4    God:    Trog [*****.]
Gold:   1468       SH:  0    Dex: 11    Spells: 13/13 levels left

rFire   . . .        c - +2 executioner's axe (flame)
rCold   + . .        (shield currently unavailable)
rNeg    . . .        l - +0 plate armour
rPois   .            s - +2 hat
rElec   .            p - +0 cloak
rCorr   .            Y - +2 pair of gloves
SInv    .            (no boots)
Will    +....        (no amulet) Stlth
                     u - ring of protection from cold
HPRegen 0.42/turn    (no ring)
MPRegen 0.13/turn

%: no passive effects
@: lethally poisoned (-1 -> -2), on berserk cooldown, slowed, very slow
A: horns 2, retaliatory headbutt
a: Renounce Religion, Berserk, Trog's Hand, Brothers in Arms


You were on level 5 of the Lair of Beasts.
You worshipped Trog.
Trog was extremely pleased with you.
You visited 2 branches of the dungeon, and saw 18 of its levels.
You visited 1 bazaar.
You also visited: Ossuary.

You collected 1468 gold pieces.

Inventory:

Hand Weapons
 a - a +0 hand axe
 c - a +2 executioner's axe of flaming (weapon)
 A - a +0 war axe
 F - a +2 battleaxe of draining
 N - a +2 battleaxe of freezing
 P - a +1 scythe of venom
Missiles
 e - 54 poisoned darts
 t - 3 throwing nets (quivered)
 C - 6 curare-tipped darts
 T - 3 atropa-tipped darts
Armour
 l - a +0 plate armour (worn)
 p - a +0 cloak (worn)
 s - a +2 hat (worn)
 Y - a +2 pair of gloves (worn)
Jewellery
 u - a ring of protection from cold (left hand)
 z - an amulet of magic regeneration
 H - a +6 ring of dexterity
 S - a ring of willpower
 W - a ring of ice
Wands
 j - a wand of polymorph (10)
 o - a wand of flame (12)
 G - a wand of charming (38)
 J - a wand of iceblast (13)
Scrolls
 b - 8 scrolls of poison
 h - 7 scrolls of teleportation
 n - 19 scrolls of identify
 r - a scroll of brand weapon
 w - 7 scrolls of fog
 y - 2 scrolls of magic mapping {unknown}
 B - 4 scrolls of torment {unknown}
 I - 6 scrolls of fear {unknown}
 L - 2 scrolls of vulnerability {unknown}
 M - 3 scrolls of blinking
 Q - 3 scrolls of enchant armour {unknown}
 U - a scroll of enchant weapon {unknown}
 V - a scroll of summoning {unknown}
Potions
 d - 8 potions of curing
 f - 4 potions of mutation {unknown}
 g - 5 potions of heal wounds {unknown}
 i - 4 potions of degeneration {unknown}
 k - 7 potions of attraction {unknown}
 m - 8 potions of lignification {unknown}
 q - 6 potions of might {unknown}
 v - 3 potions of haste
 x - a potion of flight {unknown}
 E - 2 potions of cancellation {unknown}
 K - 3 potions of magic {unknown}
 O - 2 potions of berserk rage {unknown}
 R - 2 potions of invisibility {unknown}
 X - 2 potions of brilliance {unknown}


   Skills:
 + Level 16.0 Fighting
 + Level 16.0 Axes
 + Level 15.8 Armour
 + Level 14.6 Dodging


You had 13 spell levels left.
You didn't know any spells.
Your spell library was empty.

Dungeon Overview and Level Annotations

Branches:
Dungeon (13/15)            Temple (0/1) D:4            Lair (5/5) D:9
 Shoals (0/4) Lair:2        Snake (0/4) Lair:2          Orc (0/2) D:9
 Vaults (0/5) D:13        Ossuary (visited)
  Slime: Lair:4-5

Altars:
Elyvilon
Makhleb
Nemelex Xobeh
Okawaru
Ru
Sif Muna
Trog
Uskayaw
Xom
The Shining One

Shops:
D:2 [   D:3 (   D:13 (

Annotations:
D:5 2 transporters, NimIero's ghost, novice DrVM


Innate Abilities, Weirdness & Mutations

You have a pair of horns on your head.
You reflexively headbutt those who attack you in melee.


Message History

The black mamba bites you but does no damage.
A hell hound comes into view.
The black mamba barely misses you. You furiously retaliate!
You headbutt the black mamba. The black mamba closely misses you.
The water moccasin bites you but does no damage.
You slice the black mamba!! You burn the black mamba.
You kill the black mamba!
Trog accepts your kill.
You slice the elephant!! You burn the elephant. You hit the water moccasin.
You burn the water moccasin. You completely miss the black mamba.
You slice the black mamba!! You burn the black mamba.
You kill the black mamba!
Trog accepts your kill.
Your surroundings suddenly seem different.
* * * LOW HITPOINT WARNING * * *
You feel extremely sick.
* * * LOW HITPOINT WARNING * * *
You feel extremely sick.
* * * LOW HITPOINT WARNING * * *
You feel very sick.
A wyvern comes into view.
* * * LOW HITPOINT WARNING * * *
You feel very sick.
You start resting.
You feel very sick.
You feel sick. The wyvern misses you. You furiously retaliate!
You headbutt the wyvern, but do no damage.
You closely miss the wyvern.
You feel sick. The wyvern misses you. You furiously retaliate!
You headbutt the wyvern. The wyvern misses you. You furiously retaliate!
You headbutt the wyvern. The wyvern bites you.
* * * LOW HITPOINT WARNING * * *
Unknown command.
You closely miss the wyvern.
The wyvern is moderately wounded.
The sentinel's mark upon you fades away.
You feel sick. The wyvern closely misses you. You furiously retaliate!
You headbutt the wyvern!
A molten gargoyle comes into view. It is wielding a +0 mace.
The wyvern bites you.
You die...

..##.#...###.###...#### #.
..###.....#.....##.P.P#### #.
.##.#.P..............PP.#.#######
#............^.......P....#..##..
###..######...............†......
#### ###....##....#.#...#.#.
#..####...## #...####
##9l###....# #...## #
#.#@###....###...# # #..###
#..P###....# # #P.# #...#### ..PP
###...#.. ..l.. #.P...... #....#
........... ##..#. #.###....... #
##.#...... ..........


You could see a molten gargoyle and a wyvern.

Vanquished Creatures
  6 hydras
  4 boulder beetles
  6 two-headed ogres
  2 centaur warriors
  2 dancing weapons (D:13)
  A tengu warrior (D:9)
  4 death yaks (Lair:5)
  A skyshark (Lair:5)
  A fire crab (Lair:5)
  3 ugly things
  3 cyclopes (D:12)
  A manticore (D:12)
  18 elephants
  Maurice (D:8)
  6 black mambas
  7 cane toads
  A torpor snail (Lair:5)
  3 gargoyles
  Maggie (D:8)
  8 komodo dragons
  3 efreet (D:12)
  5 rime drakes
  A kobold demonologist (D:10)
  A freezing wraith (D:12)
  7 trolls
  A queen bee (Lair:2)
  5 polar bears
  Prince Ribbit (D:7)
  12 blink frogs
  A centaur simulacrum (D:12)
  A shadow (D:12)
  Sigmund (D:3)
  A slime creature (D:12)
  A vampire (D:10)
  2 wyverns
  2 wraiths
  56 yaks
  Grum (D:8)
  8 vampire mosquitoes
  6 basilisks
  A warg (Lair:2)
  2 nagas (Lair:2)
  A naga (shapeshifter) (D:9)
  An acid dragon (D:11)
  16 water moccasins
  An ice beast (D:6)
  9 orc warriors
  A sky beast (D:8)
  3 black bears
  2 ogres
  43 wolves
  11 centaurs
  A phantom (D:4)
  An elf zombie (Ossuary)
  5 kobold brigands
  9 bullfrogs
  2 scorpions
  8 wights
  24 killer bees (Lair:2)
  7 electric eels
  3 centaur zombies (Ossuary)
  5 hounds
  8 orc priests
  A gnoll bouda (D:8)
  A human zombie (Ossuary)
  2 jellies
  2 sleepcaps (D:3)
  Crazy Yiuf (D:2)
  13 orc wizards
  3 iguanas
  Terence (D:2)
  5 hell rats (Lair:3)
  2 ogre zombies (Ossuary)
  7 mummies (Ossuary)
  5 gnolls
  7 adders
  2 shadow imps
  2 white imps
  2 ufetubi (D:5)
  4 adder zombies (Ossuary)
  3 worms
  2 dart slugs
  55 orcs
  7 ball pythons
  5 endoplasms
  2 giant cockroaches
  2 gnoll zombies (Ossuary)
  4 goblins
  9 hobgoblins
  11 jackals
  35 kobolds
  3 quokkas
  A bat (D:1)
  2 frilled lizards (D:2)
  2 goblin zombies (Ossuary)
  4 hobgoblin zombies (Ossuary)
  4 kobold zombies (Ossuary)
  A quokka zombie (Ossuary)
  11 rats
  6 rat zombies (Ossuary)
  A bush (Lair:4)
589 creatures vanquished.

Vanquished Creatures (others)
  An orc wizard (D:6)
  A gnoll (D:8)
  3 bushes (Lair:4)
  30 fungi
  106 plants
141 creatures vanquished.

Grand Total: 730 creatures vanquished

Notes
Turn   | Place    | Note
-------+----------+-------------------------------------------
     0 | D:1      | LLlMATKO the Minotaur Berserker began the quest for the
                  | Orb.
     0 | D:1      | Reached XP level 1. HP: 19/19 MP: 0/0
   135 | D:1      | Reached XP level 2. HP: 23/27 MP: 1/1
   977 | D:2      | Noticed Terence
   984 | D:2      | Killed Terence
   985 | D:2      | Reached XP level 3. HP: 33/33 MP: 2/2
  1056 | D:2      | Found a faded altar of an unknown god.
  1250 | D:2      | Reached ** piety under Trog
  1384 | D:2      | Reached XP level 4. HP: 40/40 MP: 3/3
  1450 | D:2      | Found a runed translucent door.
  1451 | D:2      | Noticed Crazy Yiuf
  1556 | D:2      | Found Hiumul's Antique Armour Boutique.
  1634 | D:2      | Killed Crazy Yiuf
  1683 | D:3      | Found Caefyela's Antique Weapon Shop.
  1771 | D:3      | Noticed Sigmund
  1779 | D:3      | Killed Sigmund
  1780 | D:3      | Reached skill level 5 in Fighting
  1780 | D:3      | Reached skill level 5 in Axes
  1780 | D:3      | Reached XP level 5. HP: 48/48 MP: 4/4
  1780 | D:3      | Reached XP level 6. HP: 56/56 MP: 5/5
  2073 | D:3      | Found an iron altar of Okawaru.
  2673 | D:4      | Found a burning altar of Makhleb.
  2705 | D:4      | Found a staircase to the Ecumenical Temple.
  2751 | D:4      | Reached XP level 7. HP: 62/62 MP: 6/6
  2766 | D:4      | Found a shimmering altar of Xom.
  2851 | D:4      | Found a sacrificial altar of Ru.
  2953 | D:4      | Reached skill level 5 in Armour
  3007 | D:4      | Reached *** piety under Trog
  3341 | D:5      | Entered Level 5 of the Dungeon
  3538 | D:5      | Reached skill level 5 in Dodging
  4016 | D:5      | Found a transporter.
  4016 | D:5      | Found a transporter.
  4018 | D:5      | Noticed NimIero's ghost (novice DrVM)
  4024 | D:5      | Identified the +4 spear "Lifebane" {elec, rF- Dex+7}
  4247 | D:6      | Reached XP level 8. HP: 67/71 MP: 7/7
  4277 | D:6      | Found a sand-covered staircase.
  4292 | Ossuary  | Entered an ossuary
  4637 | Ossuary  | Reached **** piety under Trog
  5122 | D:6      | Found a runed translucent door.
  5359 | D:6      | Found a bloodstained altar of Trog.
  5602 | D:6      | Reached XP level 9. HP: 26/81 MP: 8/8
  6432 | D:7      | Noticed Prince Ribbit
  6467 | D:7      | Killed Prince Ribbit
  6878 | D:7      | Noticed a two-headed ogre
  6916 | D:7      | Killed a two-headed ogre
  7127 | D:7      | Reached XP level 10. HP: 91/91 MP: 9/9
  7447 | D:8      | Noticed Maurice
  7557 | D:8      | Killed Maurice
  7867 | D:8      | Reached skill level 10 in Fighting
  7867 | D:8      | Reached skill level 10 in Axes
  7875 | D:8      | Reached ***** piety under Trog
  7883 | D:8      | Reached skill level 10 in Armour
  7912 | D:8      | Noticed Maggie
  8058 | D:8      | Killed Maggie
  8202 | D:8      | Identified the +7 flail of Sharp Duty {venom, *Corrode
                  | Fragile rN+++ SInv}
  8229 | D:8      | Identified the +10 quarterstaff of Haagg {flame, Drain
                  | rPois Dex+3 SInv}
  8886 | D:8      | Noticed Grum
  8898 | D:8      | Killed Grum
  9055 | D:8      | Noticed a two-headed ogre
  9063 | D:8      | Killed a two-headed ogre
  9064 | D:8      | Reached XP level 11. HP: 61/101 MP: 10/10
  9215 | D:8      | Found a white marble altar of Elyvilon.
  9431 | D:9      | Noticed a centaur warrior
  9431 | D:9      | Noticed a tengu warrior
  9439 | D:9      | Killed a centaur warrior
  9441 | D:9      | Killed a tengu warrior
  9442 | D:9      | Reached skill level 10 in Dodging
  9642 | D:9      | Found a staircase to the Lair.
  9890 | D:9      | Found a glowing golden altar of the Shining One.
  9936 | D:9      | Found a hide-covered altar of Uskayaw.
 10154 | D:9      | Found a staircase to the Orcish Mines.
 10730 | D:10     | Entered Level 10 of the Dungeon
 10998 | D:10     | Identified the +3 chain mail of Whack-A-Mole {rF+ SInv}
 11075 | D:10     | Noticed a two-headed ogre
 11078 | D:10     | Killed a two-headed ogre
 11382 | D:10     | Received a gift from Trog
 11665 | D:10     | Found a sparkling altar of Nemelex Xobeh.
 11845 | D:10     | Found a shimmering blue altar of Sif Muna.
 11982 | D:11     | Found a flickering gateway to a bazaar.
 11992 | Bazaar   | Entered a bazaar
 12000 | Bazaar   | Found Ysoxtius's Assorted Antiques.
 12018 | Bazaar   | Found Afram's Distillery.
 12040 | Bazaar   | Found Ziloisur's Book Boutique.
 12046 | Bazaar   | Found Bouq's Distillery.
 12271 | D:11     | Noticed a two-headed ogre
 12279 | D:11     | Killed a two-headed ogre
 12417 | D:11     | Reached XP level 12. HP: 79/113 MP: 11/11
 12577 | D:11     | Noticed a two-headed ogre
 12581 | D:11     | Killed a two-headed ogre
 12968 | D:12     | Noticed a boulder beetle
 12982 | D:12     | Killed a boulder beetle
 13584 | D:12     | Noticed a two-headed ogre
 13592 | D:12     | Killed a two-headed ogre
 14368 | D:12     | Noticed a boulder beetle
 14391 | D:12     | Killed a boulder beetle
 14868 | D:13     | Noticed a centaur warrior
 14876 | D:13     | Killed a centaur warrior
 14939 | D:13     | Noticed a boulder beetle
 14955 | D:13     | Killed a boulder beetle
 15007 | D:13     | Noticed a seven-headed hydra
 15017 | D:13     | Killed a 12-headed hydra
 15017 | D:13     | Received a gift from Trog
 15018 | D:13     | Reached XP level 13. HP: 57/123 MP: 12/12
 15468 | D:13     | Found a gate to the Vaults.
 15998 | D:13     | Found Ijorator's Antique Weapon Boutique.
 16186 | Lair:1   | Entered Level 1 of the Lair of Beasts
 17690 | Lair:2   | Found a staircase to the Shoals.
 17805 | Lair:2   | Received a gift from Trog
 18209 | Lair:2   | Found a staircase to the Snake Pit.
 19088 | Lair:3   | You fall into a shaft and drop 1 floor!
 19192 | Lair:4   | Reached skill level 15 in Fighting
 19192 | Lair:4   | Reached skill level 15 in Axes
 19199 | Lair:4   | Received a gift from Trog
 19209 | Lair:4   | Reached XP level 14. HP: 92/135 MP: 13/13
 19604 | Lair:3   | Reached skill level 15 in Armour
 21481 | Lair:5   | Entered Level 5 of the Lair of Beasts
 22820 | Lair:5   | HP: 6/137 [wyvern (1)]
 22821 | Lair:5   | Slain by a wyvern

Illustrated notes

Levels and vault maps discovered:
D:1:      minmay_arrival_semitransparent, layout_basic, minmay_misc_feat_plants,
          minmay_tromino_i2
D:2:      layout_loops_ring, serial_shops, nicolae_square_shop,
          hellmonk_ecumenical_altar_arch_garden, uniq_crazy_yiuf_cottage,
          uniq_terence
D:3:      layout_rooms, nicolae_overflow_crystal_walls, serial_shops,
          shop_coins, hellmonk_no_cap, uniq_sigmund
D:4:      layout_loops_corners, amcnicky_altar_gilded, bloody_makhleb,
          nicolae_ru_awakened_eye, minmay_temple_entry_slanted
D:5:      layout_basic, gammafunk_ghost_gnarly_gnolls
D:6:      layout_rooms, trog_butcher_becter, enter_ossuary_1,
          lightli_church_of_beogh
D:7:      minmay_chambers_of_sixes, layout_loops_ring, grunt_decor_mini_mirrors,
          uniq_prince_ribbit1
D:8:      layout_cave_pools, elyvilon_altar_3, serial_bayou_pond_e,
          palyth_stone_intersect, minmay_misc_feat_diagonals,
          serial_bayou_lake_a, uniq_maggie, uniq_maurice, uniq_grum
D:9:      layout_irregular_city, nicolae_tso_swordbearing_angel,
          eat_drink_and_be_merry_uskayaw, lair_entry_dummy, erik_orc_2,
          minmay_radiant
D:10:     layout_basic, kennysheep_orc_sif_temple, nemelex_altar_shiori
D:11:     layout_loops_ring, serial_shops, bzr_entry_water
D:12:     minmay_triangles_in_corner, layout_loops_ring
D:13:     layout_roguey, erik_vaults_1, serial_shops, nicolae_shop_hallway_plus
Lair:1:   layout_chaotic_city, grunt_forest_small_clearing_treed,
          infiniplex_staircase_pool
Lair:2:   beast_lair_carwin_large_4, layout_misc_corridors,
          minmay_shoals_entry_centaurs, guppyfry_snake_entry_island,
          special_room [special_room_bee], chequers_serial_rivers_room_a,
          chequers_serial_rivers_small_3, grunt_forest_large_clearings,
          lemuel_fruit_tree
Lair:3:   layout_small_grid, infiniplex_staircase_pool_2, grunt_megastairs_2
Lair:4:   layout_gridlike, nicolae_lair_grazing_beasts
          [nicolae_sub_lair_graze_edge, nicolae_sub_lair_graze_edge,
          nicolae_sub_lair_graze_edge, nicolae_sub_lair_graze_edge]
Lair:5:   cheibrodos_lair_end_hotspot, layout_small_grid, slime_entry_2,
          st_stairs_3, cheibrodos_lair_lostbears

Skill      XL: |  1  2  3  4  5  6  7  8  9 10 11 12 13 14 |
---------------+-------------------------------------------+-----
Fighting       | 4 5 6 7 9 10 12 13 15 16 | 16.0
Axes           | 4 5 6 7 9 10 12 13 15 16 | 16.0
Armour         | 3 4 6 7 9 10 12 13 14 15 | 15.8
Dodging        | 3 4 5 6 8 9 11 12 13 14 | 14.6

Action                     |  1- 3 |  4- 6 |  7- 9 | 10-12 | 13-15 || total
---------------------------+-------+-------+-------+-------+-------++-------
  Melee: Hand axe          |    53 |    76 |   459 |       |       ||   588
         Headbutt          |     7 |    17 |    86 |    83 |   121 ||   314
         Punch             |     1 |       |     5 |       |       ||     6
         Battleaxe         |       |       |    15 |   457 |   172 ||   644
         Halberd           |       |       |       |     7 |       ||     7
         Executioner's axe |       |       |       |       |   356 ||   356
 Invoke: Berserk           |     1 |     2 |     6 |    11 |     9 ||    29
         Trog's Hand       |       |       |     2 |       |       ||     2
    Use: Scroll            |       |       |     6 |       |     2 ||     8
 Armour: Animal skin       |     2 |       |       |       |       ||     2
         Ring mail         |     9 |       |       |       |       ||     9
         Plate armour      |     2 |    46 |   282 |   281 |   424 ||  1035
  Dodge: Dodged            |    40 |    24 |   176 |   252 |   485 ||   977
